Map: Ruins of Endion

Players

blackxored - Winner!

  • Race: Zerg Zerg
  • League: Diamond

Pandymaker

  • Race: Terran Terran
  • League: Master

VOD

Have the link to the VOD?

Description

Time

  • Played on: July 3, 2016, 5:36 p.m.
  • Length: 18:50
Show
View Real Time Build Order
Export as new Build Order

blackxored Zerg - Winner!

Build Orders: Hatch First 

Get SALT Encoding   

  12  0:01  Drone  
  13  0:08  Drone  
  14  0:17  Overlord  
  14  0:22  Extractor  
  14  0:24  Drone  
  15  0:37  Drone x2  
  17  0:55  Hatchery  
  16  0:58  Drone  
  16  1:01  Drone  
  18  1:13  Extractor  
  18  1:17  Spawning Pool  
  16  1:18  Drone  
  16  1:22  Drone  
  18  1:30  Drone  
  19  1:39  Overlord  
  19  1:49  Drone  
  20  2:04  Queen  
  20  2:05  Zergling x2  
  20  2:06  Queen  
  20  2:08  Zergling x2  
  26  2:11  Zergling x2  
  26  2:15  Metabolic Boost  
  27  2:33  Hatchery  
  26  2:38  Drone x2  
  26  2:43  Overlord  
  28  2:50  Drone x2  
  30  2:55  Pneumatized Carapace  
  30  3:04  Drone x2  
  30  3:05  Drone  
  33  3:08  Drone  
  33  3:10  Drone  
  35  3:18  Queen  
  37  3:28  Drone x3  
  37  3:29  Drone  
  37  3:32  Overlord  
  40  3:42  Drone x3  
  40  3:44  Queen  
  45  3:51  Queen  
  47  4:09  Drone  
  48  4:10  Roach Warren  
  48  4:11  Drone x3  
  48  4:13  Extractor  
  48  4:14  Drone  
  50  4:17  Drone  
  50  4:20  Spine Crawler  
  50  4:24  Overlord  
  50  4:29  Queen  
  52  4:38  Queen  
  51  4:54  Roach x3  
  51  4:55  Roach x4  
  51  4:57  Overlord x3  
  64  5:09  Roach  
  66  5:27  Drone x10  
  76  5:28  Lair  
  76  5:30  Queen  
  76  5:31  Queen  
  80  5:40  Drone x2  
  80  5:41  Evolution Chamber  
  81  5:42  Evolution Chamber  
  81  5:44  Drone x2  
  82  5:58  Drone x4  
  82  6:00  Drone x2  
  82  6:01  Drone x2  
  82  6:03  Extractor  
  89  6:05  Extractor  
  89  6:09  Spore Crawler  
  88  6:11  Drone x2  
  88  6:12  Spore Crawler  
  88  6:13  Drone, Hatchery  
  88  6:14  Spore Crawler  
  88  6:18  Spore Crawler  
  86  6:19  Spore Crawler  
  86  6:20  Spore Crawler, Drone  
  86  6:21  Drone  
  86  6:25  Drone  
  87  6:27  Drone  
  87  6:30  Drone x2  
  90  6:34  Spore Crawler  
  90  6:36  Spore Crawler, Drone  
  90  6:37  Drone, Spore Crawler  
  90  6:38  Drone  
  90  6:46  Spire, Drone  
  90  6:52  Infestation Pit, Drone  
  90  6:56  Overlord x2  
  90  7:04  Zerg Missile Weapons Level 1, Zerg Ground Armor Level 1  
  90  7:06  Extractor  
  90  7:07  Drone  
  90  7:17  Overseer  
  90  7:19  Drone  
  90  7:20  Drone x2  
  90  7:21  Extractor, Drone  
  90  7:22  Drone x2  
  95  7:23  Drone x2  
  95  7:28  Spore Crawler  
  96  7:31  Drone x2  
  96  7:36  Hive  
  98  7:39  Spore Crawler, Drone x3  
  98  7:41  Queen  
  102  7:48  Overseer  
  102  7:54  Overseer  
  102  7:55  Overseer  
  102  7:59  Drone x10  
  102  8:00  Overlord x3  
  102  8:03  Zerg Flyer Weapons Level 1  
  112  8:16  Overlord x3  
  112  8:21  Drone x3  
  112  8:22  Drone x5  
  112  8:24  Hatchery  
  112  8:25  Extractor  
  112  8:26  Extractor, Corruptor  
  119  8:29  Corruptor  
  121  8:37  Drone x3  
  121  8:38  Drone x3  
  127  8:41  Corruptor x2  
  127  8:45  Ravager x6  
  137  8:54  Drone x3  
  137  8:55  Corruptor, Evolution Chamber  
  140  8:56  Evolution Chamber x2  
  140  8:57  Corruptor  
  140  9:02  Spire  
  140  9:09  Corruptor x3  
  146  9:15  Corruptor x2  
  150  9:27  Corruptor  
  150  9:29  Overlord x2  
  150  9:30  Overlord  
  152  9:41  Corruptor x3  
  158  9:55  Corruptor x2, Drone  
  158  9:56  Corruptor x2  
  158  9:57  Ultralisk Cavern  
  166  10:00  Extractor x2, Drone x3  
  166  10:01  Drone  
  166  10:03  Drone x2  
  170  10:09  Greater Spire  
  170  10:10  Corruptor  
  170  10:11  Corruptor  
  170  10:19  Corruptor x2  
  174  10:26  Zerg Flyer Armor Level 1  
  174  10:32  Infestor  
  176  10:40  Viper  
  179  11:00  Drone x3  
  179  11:03  Overlord x5  
  182  11:06  Adrenal Glands  
  182  11:28  Hatchery  
  182  11:29  Extractor  
  182  11:30  Viper x4  
  182  11:32  Extractor, Corruptor x4  
  191  11:36  Overseer x2  
  191  11:37  Overseer  
  199  11:49  Drone  
  200  12:20  Zerg Flyer Weapons Level 2  
  200  12:21  Zerg Flyer Armor Level 2  
  200  13:34  Hatchery  
  199  13:35  Extractor  
  199  13:36  Extractor  
  199  13:38  Chitinous Plating  
  197  13:55  Drone  
  197  13:56  Drone x2  
  200  14:15  Spine Crawler  
  199  14:18  Drone  
  199  14:19  Spine Crawler x2  
  199  14:22  Spine Crawler x2  
  196  14:25  Spine Crawler  
  178  14:57  Drone x15  
  178  14:58  Drone x2  
  176  15:19  Corruptor x2  
  176  15:20  Corruptor x24  
  193  15:28  Corruptor  
  193  15:29  Corruptor x4  
  187  15:58  Brood Lord x4  
  187  15:59  Brood Lord x2  
  199  16:07  Zerg Ground Armor Level 2, Zerg Missile Weapons Level 2  
  179  16:40  Corruptor x9  
  179  16:46  Corruptor  
  188  16:47  Corruptor x3  
  177  17:07  Brood Lord  
  177  17:08  Corruptor x6, Brood Lord x4  
  186  17:41  Corruptor x5  
  182  17:52  Corruptor x3  
  182  17:53  Corruptor  
Show
View Real Time Build Order
Export as new Build Order

Pandymaker Terran 

Build Orders:  

Get SALT Encoding   

  12  0:01  SCV  
  13  0:13  SCV  
  14  0:18  Supply Depot  
  14  0:25  SCV  
  15  0:40  SCV  
  15  0:42  Barracks  
  16  0:47  Refinery  
  16  0:52  SCV  
  17  1:04  SCV  
  18  1:16  SCV  
  19  1:28  SCV  
  19  1:30  Reaper  
  21  1:40  Orbital Command  
  21  1:49  Command Center  
  21  2:02  Marine  
  21  2:03  Refinery  
  21  2:08  Factory  
  22  2:17  Bunker  
  22  2:25  Barracks Reactor  
  22  2:37  SCV  
  23  2:46  Factory  
  23  3:01  SCV  
  23  3:04  Orbital Command  
  24  3:08  Barracks Tech Lab  
  24  3:13  Hellion x2  
  24  3:15  SCV  
  29  3:30  SCV x2  
  31  3:37  Hellion x2  
  35  3:42  Refinery, SCV  
  35  3:44  Refinery  
  36  3:51  Hellion, Infernal Pre-Igniter  
  38  4:04  Supply Depot  
  38  4:13  Supply Depot  
  38  4:22  Hellion x2, SCV x2  
  44  4:35  Engineering Bay, SCV x2  
  46  4:40  Hellion  
  48  4:54  Hellion  
  48  4:55  Hellion  
  48  4:56  SCV x2  
  49  5:23  Hellion x2, Siege Tank  
  49  5:25  SCV x2  
  56  5:35  Starport  
  56  5:36  Starport  
  56  5:38  SCV x2  
  58  5:52  Hellion x2  
  62  5:57  Supply Depot  
  62  6:12  Starport Tech Lab  
  62  6:13  Starport Reactor  
  62  6:17  Command Center  
  62  6:19  SCV x2  
  62  6:23  Armory  
  64  6:31  SCV x2  
  66  6:32  Supply Depot  
  66  6:36  Fusion Core  
  66  6:37  Missile Turret  
  66  6:39  Missile Turret  
  66  6:43  Siege Tank  
  66  6:45  SCV  
  70  6:50  SCV  
  71  6:55  Supply Depot  
  71  6:57  SCV  
  71  6:58  Hi-Sec Auto Tracking  
  72  7:05  Armory  
  72  7:06  SCV  
  73  7:12  Missile Turret  
  73  7:23  Viking x2  
  76  7:32  Refinery  
  76  7:34  Planetary Fortress  
  76  7:39  Refinery  
  76  7:47  SCV  
  77  7:56  SCV, Missile Turret  
  77  7:57  Missile Turret  
  78  7:59  SCV  
  79  8:09  SCV  
  79  8:11  Battlecruiser  
  79  8:12  SCV  
  87  8:15  Weapon Refit  
  87  8:16  Terran Vehicle And Ship Armor Level 1  
  87  8:17  Terran Ship Weapons Level 1, SCV  
  88  8:26  SCV x2  
  90  8:31  Siege Tank  
  97  8:38  Viking x2  
  95  8:50  Starport  
  95  8:51  Starport  
  95  8:56  SCV x3, Missile Turret  
  95  8:58  Missile Turret  
  98  9:05  Missile Turret  
  98  9:08  SCV  
  98  9:09  SCV x2  
  101  9:10  Starport  
  101  9:18  Command Center  
  101  9:20  SCV  
  102  9:26  SCV x2  
  102  9:29  Starport Tech Lab  
  102  9:30  Starport Reactor  
  102  9:31  Supply Depot  
  104  9:32  Supply Depot  
  104  9:36  Supply Depot  
  104  9:46  SCV x3  
  104  9:52  Starport Tech Lab  
  107  9:54  Battlecruiser  
  113  10:13  Battlecruiser x2  
  125  10:21  Supply Depot  
  125  10:23  Supply Depot x2  
  125  10:27  Terran Vehicle And Ship Armor Level 2, Terran Ship Weapons Level 2  
  125  10:45  Missile Turret  
  125  10:48  Missile Turret  
  125  10:49  Missile Turret  
  125  10:51  Missile Turret  
  125  10:52  Command Center  
  125  10:56  Viking x4  
  133  10:59  Planetary Fortress  
  133  11:05  Refinery  
  133  11:13  Refinery  
  133  11:25  Battlecruiser x2  
  145  11:35  Sensor Tower  
  145  11:50  Sensor Tower  
  145  11:51  Liberator, Battlecruiser  
  151  11:54  Missile Turret  
  151  12:01  Viking  
  151  12:02  Viking x2  
  160  12:14  Missile Turret  
  160  12:33  Supply Depot  
  160  12:34  Battlecruiser  
  160  12:35  Supply Depot  
  166  12:38  Behemoth Reactor  
  166  12:41  Liberator  
  166  12:43  Missile Turret  
  166  12:44  Missile Turret  
  166  12:45  Missile Turret  
  166  12:46  Missile Turret  
  166  12:47  Missile Turret  
  166  12:51  Battlecruiser  
  172  13:00  Supply Depot  
  172  13:02  Supply Depot, Planetary Fortress  
  172  13:05  Refinery  
  175  13:06  Refinery  
  175  13:19  Battlecruiser  
  181  13:26  Terran Vehicle And Ship Armor Level 3, Hellion x9  
  181  13:29  Terran Ship Weapons Level 3  
  181  13:47  Liberator x2  
  181  13:57  Battlecruiser x2  
  199  14:32  Hellion x3  
  199  14:33  Hellion  
  197  14:54  Liberator  
  193  15:06  Battlecruiser  
  192  15:18  Battlecruiser x2  
  167  15:23  Viking x3  
  133  15:52  Liberator  
  133  15:53  Liberator x2  
  133  15:57  Command Center  
  133  16:10  Battlecruiser  
  148  16:11  Command Center  
  148  16:22  Battlecruiser x2  
  144  16:41  Viking  
  124  16:49  Widow Mine x2  
  124  16:50  Thor  
  124  16:52  Viking  
  124  16:53  Viking x2  
  117  17:15  Battlecruiser  
  118  17:19  Viking  
  118  17:22  Viking  
  115  17:25  Viking  
  115  17:26  Viking, Battlecruiser x2  
  119  17:49  Viking  
  108  17:58  Viking x3  
  98  18:09  Planetary Fortress  
  93  18:19  Viking  
  98  18:27  Refinery  
  98  18:29  Refinery  
Tags
 
Add a new tag
Caveats
  • Supply blocks, unpowered buildings, or Contaminate may cause inaccurate times.
  • Supply counts are checked every 10 seconds.